 Dungeon Crawl Stone Soup version 0.19.1 (webtiles) character file.

1072457 Tyryt0 the Conqueror (level 27, -2/249 HPs)
             Began as a Mummy Fighter on Nov 28, 2016.
             Was an Initiate of Gozag.
             Killed from afar by a Brimstone Fiend (42 damage)
             ... with damnation
             ... summoned by Asmodeus
             ... on level 7 of Gehenna on Nov 29, 2016.
             The game lasted 08:43:01 (94168 turns).

Tyryt0 the Conqueror (Mummy Fighter)               Turns: 94168, Time: 08:43:02

Health: -2/249     AC: 26    Str: 25    XL:     27
Magic:  37/37      EV: 37    Int: 17    God:    Gozag
Gold:   8238       SH: 22    Dex: 35    Spells: 0 memorised, 26 levels left

rFire  + + +     SeeInvis +     o - +9 broad axe (freeze)
rCold  + + +     Gourm    .     n - +10 ring mail "Wewiz" {Int+3 Dex+2}
rNeg   + + +     Faith    .     W - +2 shield of Resistance {rF+ rC+ MR+}
rPois  ∞         Spirit   .     r - +0 mask of the Dragon {MR+ Slay+3 SInv}
rElec  +         Reflect  .     P - +2 cloak of Mezcal {rElec Int+2 Dex+7 Stlth-}
rCorr  +         Harm     .     T - +2 pair of gloves {Dex+3}
MR     +++++                    p - +0 pair of boots of the Saviour {+Fly rC+ rN+ Int+4 Slay+3}
Stlth  ++........               S - amulet "Lugeibur" {Regen+ Slay+6}
                                g - ring of protection from fire
                                G - ring of protection from fire

@: agile, resistant, gold aura, flying, slightly contaminated, hasted,
invisible, very quick
A: no food or potions, fire vulnerability, cold resistance 1, negative energy
resistance 3, torment resistance, unbreathing, in touch with death 2
a: Potion Petition, Call Merchant, Bribe Branch, Renounce Religion
}: 9/15 runes: serpentine, barnacled, slimy, silver, golden, iron, icy, bone,
abyssal


You were on level 7 of Gehenna.
You worshipped Gozag.
Gozag was greatly pleased with you.
You were not hungry.

You visited 17 branches of the dungeon, and saw 85 of its levels.
You visited the Abyss 1 time.
You visited 1 bazaar.
You also visited: Trove, Bailey and Ice Cave.

You collected 56177 gold pieces.
You spent 17882 gold pieces at shops.
You paid 30057 gold pieces to Gozag.

Inventory:

Hand Weapons
 a - a +9 broad axe of flaming
 i - the +7 longbow "Piercer" {penet, EV-2}
   (You found it on level 7 of Gehenna)

   Ammo fired by it will pass through the targets it hits, potentially hitting
   all targets in its path until it reaches maximum range.
   It affects your evasion (-2).
 o - a +9 broad axe of freezing (weapon)
 u - a +0 demon whip
Armour
 n - the +10 ring mail "Wewiz" (worn) {Int+3 Dex+2}
   (You bought it in a shop on level 3 of the Elven Halls)

   It affects your intelligence (+3).
   It affects your dexterity (+2).
 p - the +0 pair of boots of the Saviour (worn) {+Fly rC+ rN+ Int+4 Slay+3}
   (You bought it in a shop on level 15 of the Dungeon)

   It affects your intelligence (+4).
   It affects your accuracy and damage with ranged weapons and melee attacks
   (+3).
   It protects you from cold.
   It protects you from negative energy.
   It lets you fly.
 q - the +4 ring mail of Death Resistance {rF+, unknown}
   (You found it on level 7 of Gehenna)

   It protects you from fire.
 r - the +0 mask of the Dragon (worn) {MR+ Slay+3 SInv}
   (You found it on level 5 of the Vaults)

   It affects your accuracy and damage with ranged weapons and melee attacks
   (+3).
   It affects your resistance to hostile enchantments.
   It lets you see invisible.
 P - the +2 cloak of Mezcal (worn) {rElec Int+2 Dex+7 Stlth-}
   (You found it on level 5 of the Vaults)

   It affects your intelligence (+2).
   It affects your dexterity (+7).
   It insulates you from electricity.
   It makes you less stealthy.
 T - a +2 pair of gloves of dexterity (worn)
 W - the +2 shield of Resistance (worn) {rF+ rC+ MR+}
   (You bought it in a shop on level 3 of the Lair of Beasts)

   It protects you from fire.
   It protects you from cold.
   It affects your resistance to hostile enchantments.
Rods
 b - a +9 lightning rod (11/17)
   (You found it on level 3 of the Tomb of the Ancients)
 d - a +9 rod of ignition (17/17)
   (You took it off a deep elf demonologist on level 3 of the Elven Halls)
 e - a +9 iron rod (17/17)
   (You bought it in a shop on level 1 of the Shoals)
Jewellery
 g - a ring of protection from fire (right hand)
 j - the ring of Xuufyn {Wiz rC+ rN+, unknown}
   (You found it on level 7 of Gehenna)

   [ring of wizardry]

   It improves your spell success rate.
   It protects you from cold.
   It protects you from negative energy.
 G - a ring of protection from fire (left hand)
 I - a +4 ring of evasion
 Q - a +5 ring of slaying
 S - the amulet "Lugeibur" (around neck) {Regen+ Slay+6}
   (You found it in an ice cave)

   [amulet of regeneration]

   It affects your accuracy and damage with ranged weapons and melee attacks
   (+6).
   It increases your rate of regeneration.
 V - an uncursed ring of resist corrosion
Scrolls
 f - 12 scrolls of enchant armour
 k - 20 scrolls of teleportation
 l - a scroll of recharging
 m - 9 scrolls of fog
 s - 4 scrolls of blinking
 t - 3 scrolls of brand weapon
 v - 8 scrolls of magic mapping
 w - a scroll of torment
 A - 7 scrolls of fear
 E - 5 scrolls of silence
 N - 35 scrolls of remove curse
 Z - 3 scrolls of summoning
Miscellaneous
 c - the horn of Geryon
 h - 3 phantom mirrors
 K - a disc of storms
 M - 5 sacks of spiders
 O - 7 boxes of beasts
 U - a phial of floods
 X - a fan of gales
 Y - a lamp of fire


   Skills:
 O Level 27 Fighting
 O Level 27 Axes
 + Level 13.1 Armour
 + Level 17.7 Dodging
 + Level 25.0 Shields
 * Level 20.8 Evocations


You had 26 spell levels left.
You didn't know any spells.

Dungeon Overview and Level Annotations

Branches:
Dungeon (15/15)            Temple (1/1) D:6            Lair (6/6) D:8
 Shoals (4/4) Lair:3        Snake (4/4) Lair:2        Slime (5/5) Lair:5
    Orc (2/2) D:10            Elf (3/3) Orc:2        Vaults (5/5) D:14
  Crypt (3/3) Vaults:2       Tomb (3/3) Crypt:3      Depths (5/5) D:15
   Hell (1/1)                 Dis (7/7) Hell            Geh (7/7) Hell
    Coc (7/7) Hell            Tar (7/7) Hell            Zot (0/5) Depths:5

Altars:
Ashenzari
Cheibriados
Elyvilon
Fedhas
Gozag
Hepliaklqana
Kikubaaqudgha
Makhleb
Nemelex Xobeh
Qazlal
Sif Muna
Trog
Uskayaw
Vehumet
Xom
Yredelemnul
Zin
The Shining One
Beogh
Jiyva

Shops:
D:4 (   D:8 =   D:12 !   D:14 %*[   D:15 [:*=[(([   Orc:2 *(!=*   Elf:1 *
Elf:3 [[*(   Lair:1 (   Lair:3 [   Shoals:1 }   Shoals:4 (   Snake:1 *
Vaults:1 }   Depths:1 *=   Depths:2 (:}[   Depths:4 %[*

Portals:
Hell: Depths:1 Depths:2 Depths:3 Depths:4 Depths:5
Abyss: Depths:2 Depths:4 Depths:5
Pandemonium: Depths:2 Depths:3 Depths:4
Ziggurat: Depths:1

Annotations:
Lair:2 exclusion: oklob plant
Elf:2 5 runed doors
Geh:7 Asmodeus


Innate Abilities, Weirdness & Mutations

You do not eat or drink.
Your flesh is vulnerable to fire.
You are immune to poison.
Your flesh is cold resistant. (rC+)
You are immune to negative energy. (rN+++)
You are immune to unholy pain and torment.
You can survive without breathing.
You are strongly in touch with the powers of death.


Message History

[b] - 600 gold - flight, agility, invisibility and haste [c] - 399 gold - heal wounds, haste and agility Purchase which effect?
You feel much better.
You feel as though your hastened speed will last longer.
You are lightly contaminated with residual magic.
You feel more agile all of a sudden.
You are engulfed in roaring flames.
You resist.
You block the Brimstone Fiend's attack. x2
The Brimstone Fiend completely misses you.
Asmodeus hits you with a ruby sceptre!!
* * * LOW HITPOINT WARNING * * *
The hellion is engulfed in roaring flames.
Blink to where?
Press: ? - help, Dir - move target cursor, p - Asmodeus
As you read the scroll of blinking, it crumbles to dust.
The Brimstone Fiend gestures at you.
The sphere of damnation explodes!
The damnation engulfs you!
You die...
Your body crumbles into a pile of gold.

.#.############&§#....# #§§§
.#.'..........#§1#....# #§≈§
'#.')....####.#1.##''## #≈§§
.###.....#..'.#..# ... $$$ #§§§
.###.....#.['.#..# $).# $$$ #≈§≈
...'.....####.#..#$ $ $ #≈§≈
####.....)....#..#$ $ $ #≈≈§
####'#######..### $ #§§§
##)#######.@..###########§≈≈
#....#...##.)..#§§≈§§§≈§≈≈≈≈
######....'...''....#§§≈§§§≈≈§≈§.
≈≈≈§##....#...##....#§≈§§§≈≈§§≈§.
§≈≈≈#############..##≈§≈§≈≈§≈≈...
≈≈≈≈##########≈######≈≈§≈§≈≈.....
..≈§≈≈§≈§§§§≈§§≈§§≈≈≈§§§§≈.§.....
....≈≈≈§≈≈§§≈§≈≈≈§≈≈≈≈≈§.........
...§......§......................


You could see 2 Brimstone Fiends.

Vanquished Creatures
  Antaeus (Coc:7)
  Ereshkigal (Tar:7)
  the Serpent of Hell (Tar:7)
  5 ancient liches
  Dispater (Dis:7)
  Mennas (Depths:4)
  Mara (Vaults:3)
  A juggernaut (Abyss:3)
  24 greater mummies
  15 shard shrikes
  Margery (Crypt:1)
  Xtahua (Depths:4)
  Bai Suzhen (Crypt:2)
  Geryon (Hell)
  Jory (Crypt:2)
  7 golden dragons
  11 bone dragons
  4 doom hounds
  5 iron giants
  16 Tzitzimimeh
  14 Brimstone Fiends
  9 Hell Sentinels
  A hellephant (Abyss:3)
  7 tentacled monstrosities
  14 Ice Fiends
  8 liches
  2 deep elf master archers (Elf:3)
  3 titans
  2 deep elf blademasters (Elf:3)
  Murray (Hell)
  The ghost of hullu the Fencer, an adept MiBe of Trog (Elf:3)
  7 quicksilver dragons
  2 Executioners (Abyss:3)
  23 acid blobs
  13 ancient champions
  21 sphinxes
  A kraken (Shoals:4)
  Gastronok (Lair:3)
  7 shadow dragons
  2 eldritch tentacles
  6 storm dragons
  18 tentacled starspawn
  3 tengu reavers
  A storm dragon (shapeshifter) (Vaults:5)
  Donald (Crypt:2)
  2 draconian monks
  Ilsuiw (Shoals:4)
  6 azure jellies
  4 revenants
  7 nagarajas (Snake:4)
  16 fire giants
  A deep elf sorcerer (Vaults:2)
  21 vault wardens
  13 iron dragons
  2 draconian scorchers
  A draconian knight (Depths:5)
  Louise (Shoals:2)
  A cacodemon (Geh:7)
  17 frost giants
  3 caustic shrike zombies
  2 angels
  9 balrugs
  A juggernaut zombie (Depths:1)
  8 ghouls
  2 elemental wellsprings
  16 stone giants
  A juggernaut skeleton (Vaults:2)
  7 deep elf elementalists
  26 war gargoyles
  65 reapers
  2 ophanim (Abyss:3)
  24 very ugly things
  An entropy weaver (Vaults:2)
  17 ironheart preservers
  A caustic shrike skeleton (Crypt:2)
  7 lorocyprocas
  9 deep elf demonologists
  22 vampire knights
  8 bennus (Tomb:2)
  3 black draconians
  12 deep elf annihilators
  3 spark wasps
  2 red draconians (Depths:5)
  2 purple draconians (Depths:5)
  12 merfolk impalers
  13 ettins
  19 deep elf death magi
  3 eidola
  12 fire dragons
  10 blizzard demons
  8 merfolk javelineers
  7 death oozes
  4 green deaths
  Snorg (D:14)
  Josephine (Lair:4)
  8 deep elf high priests
  29 mummy priests
  A fire dragon (shapeshifter) (D:14)
  16 great orbs of eyes
  4 kraken zombies
  2 spectral krakens (Tar:7)
  11 jiangshi
  14 yaktaur captains
  34 vault guards
  13 hydras
  25 ice dragons
  4 quicksilver dragon skeletons
  6 quicksilver dragon zombies
  Fannar (D:12)
  A monstrous demonspawn (Depths:3)
  4 rakshasas
  An alligator snapping turtle (Shoals:2)
  A hell beast (Depths:3)
  10 naga warriors
  7 merfolk avatars
  6 anacondas
  4 death knights
  3 ghost crabs (Vaults:2)
  Erica (D:8)
  2 spriggan air magi (Depths:4)
  20 ogre magi
  A ghost crab (shapeshifter) (Elf:2)
  A merfolk aquamancer (Shoals:3)
  3 satyrs
  15 centaur warriors
  76 death scarabs
  A satyr (shapeshifter) (Vaults:4)
  8 titan zombies
  14 vampire magi
  7 deep troll earth magi
  3 tengu warriors (Depths:2)
  An orc high priest (Orc:2)
  14 deep troll shamans
  6 death yaks (Lair:4)
  Urug (D:11)
  15 naga sharpshooters
  14 thrashing horrors
  18 sun demons
  9 iron golems
  36 hell hogs
  6 shock serpents
  32 soul eaters
  5 spriggan berserkers
  41 hell knights
  4 storm dragon zombies
  7 spatial maelstroms
  18 deep elf knights
  10 wretched stars
  3 sixfirhies (Abyss:3)
  3 shadow wraiths
  91 skeletal warriors
  3 storm dragon skeletons
  3 salamander mystics
  4 titan skeletons
  2 cherubim (Abyss:3)
  A sea snake (shapeshifter) (Vaults:5)
  18 iron trolls
  11 sea snakes
  14 flayed ghosts
  4 golden dragon zombies
  7 unseen horrors
  11 anaconda zombies
  39 deep trolls
  21 shadow demons
  21 deep elf archers
  6 naga ritualists
  4 ghost moth zombies
  8 glowing orange brains
  20 ironbrand convokers
  Pikel (D:7)
  A kraken simulacrum (Coc:2)
  6 anaconda skeletons
  7 wizards
  3 shadow dragon zombies
  13 hill giants
  6 golden dragon skeletons
  28 phantasmal warriors
  17 harpies
  14 orc knights
  3 harpies (shapeshifter)
  5 wolf spider zombies
  31 manticores
  19 salamanders
  50 deep elf magi
  11 necromancers
  16 fauns
  6 frost giant zombies
  2 wolf spiders
  58 ugly things
  6 fire giant zombies
  6 cyclopes
  A shining eye (shapeshifter) (Vaults:5)
  9 mana vipers
  An orb spider (shapeshifter) (Abyss:3)
  8 orc sorcerers
  9 stone giant zombies
  4 shadow dragon skeletons
  5 iron dragon zombies
  11 shining eyes
  5 worldbinders
  A manticore (shapeshifter) (Vaults:1)
  An oklob plant (Lair:5)
  5 ice statues
  An elephant (shapeshifter) (D:14)
  A guardian serpent (shapeshifter) (Depths:3)
  9 fire giant skeletons
  3 iron dragon skeletons
  13 elephants
  8 dire elephant zombies
  3 spriggan zombies
  42 rust devils
  44 black mambas
  5 stone giant skeletons
  11 molten gargoyles
  19 vault sentinels
  3 frost giant skeletons
  8 water nymphs
  8 guardian serpents
  5 apocalypse crabs
  An eye of devastation (shapeshifter) (Depths:3)
  9 sirens
  17 naga magi
  11 smoke demons
  A gargoyle (D:14)
  4 shock serpent zombies
  13 spiny frogs
  8 orange demons
  A purple draconian zombie (Coc:7)
  Psyche (D:11)
  4 spriggan skeletons
  A torpor snail (shapeshifter) (Vaults:5)
  A shock serpent skeleton (Dis:7)
  A titan simulacrum (Coc:7)
  61 yaktaurs
  7 eyes of devastation
  A black draconian zombie (Dis:6)
  A catoblepas zombie (Geh:3)
  24 hellions
  14 spectral swamp worms (Tar:7)
  12 komodo dragons
  2 komodo dragons (shapeshifter)
  46 freezing wraiths
  A kobold demonologist (Abyss:1)
  An emperor scorpion zombie (Dis:7)
  A rime drake (shapeshifter) (D:15)
  3 hellwings
  An elf skeleton (Vaults:2)
  4 efreet
  2 dire elephant skeletons (Tar:7)
  40 tormentors
  7 rime drakes
  47 ice devils
  3 anaconda simulacra
  18 ancient zymes
  3 harpy zombies
  46 guardian mummies
  5 silent spectres
  4 trolls
  A queen bee (Lair:2)
  4 wind drakes
  A yellow draconian skeleton (Coc:6)
  2 minotaur zombies
  23 red devils
  A tengu simulacrum (Vaults:2)
  5 hornets
  24 two-headed ogres
  4 polar bears
  2 tengu conjurers
  A green draconian skeleton (Tar:7)
  34 merfolk
  A meliai (shapeshifter) (Depths:3)
  2 raiju (shapeshifter)
  5 hydra skeletons
  6 fire dragon zombies
  A jumping spider (shapeshifter) (Vaults:3)
  3 meliai (D:14)
  22 hydra zombies
  40 small abominations
  A two-headed ogre (shapeshifter) (Vaults:5)
  A blink frog (shapeshifter) (Depths:3)
  3 harpy skeletons
  2 stone giant simulacra
  2 bog bodies (Crypt:3)
  28 raiju
  173 slime creatures
  19 blink frogs
  18 hippogriffs
  10 snapping turtles
  2 centaur simulacra
  7 dream sheep
  10 ettin zombies
  4 ice dragon zombies
  8 air elementals
  100 flying skulls
  5 alligator zombies
  3 black mamba zombies
  2 vampires
  A tarantella (Vaults:2)
  A death drake skeleton (Crypt:1)
  7 ettin skeletons
  62 starcursed masses
  28 shadows
  23 water elementals
  A spriggan (Depths:2)
  3 alligator skeletons
  6 fire dragon skeletons
  3 redbacks (Vaults:2)
  7 ynoxinuls (Abyss:3)
  36 wraiths
  3 black mamba skeletons
  5 ice dragon skeletons
  19 fire elementals
  37 yaks
  9 wyverns
  A wyvern (shapeshifter) (Vaults:3)
  16 fire bats
  20 ushabtiu
  A hog (shapeshifter) (Vaults:4)
  14 golden eyes
  2 steam dragons
  2 basilisks
  9 neqoxecs
  7 chaos spawn
  Grum (D:7)
  7 hungry ghosts
  A redback simulacrum (D:15)
  A mottled dragon (Vaults:2)
  6 spatial vortices (Abyss:1)
  11 wargs
  2 soldier ants (D:14)
  A naga (shapeshifter) (Abyss:3)
  3 insubstantial wisps (Abyss:1)
  A swamp worm (shapeshifter) (Vaults:4)
  16 water moccasins
  68 nagas
  6 spiny frog zombies
  A deep troll zombie (Crypt:1)
  4 hydra simulacra
  55 hell hounds
  8 porcupines
  A black bear (shapeshifter) (Elf:3)
  23 ice beasts
  11 eyes of draining
  50 orc warriors
  A slave (D:7)
  3 spiny frog skeletons
  An elf simulacrum (Vaults:2)
  5 snapping turtle zombies
  An eye of draining (shapeshifter) (Vaults:1)
  An ice dragon simulacrum (Coc:1)
  43 large abominations
  4 phantoms
  A swamp dragon skeleton (Crypt:3)
  2 ettin simulacra
  4 sky beasts
  12 wolves
  6 boggarts
  21 necrophages
  A snapping turtle skeleton (Geh:7)
  81 ogres
  12 crocodiles
  A manticore skeleton (Tomb:3)
  25 centaurs
  14 big kobolds
  A blink frog skeleton (Crypt:3)
  A rime drake skeleton (Crypt:1)
  An elf zombie (Crypt:3)
  20 bullfrogs
  A gnoll sergeant (Orc:1)
  3 earth elementals
  A glowing shapeshifter simulacrum (Vaults:2)
  A hippogriff skeleton (Crypt:3)
  A salamander skeleton (Crypt:1)
  A water moccasin skeleton (D:10)
  A troll zombie (Tar:7)
  A wyvern skeleton (D:10)
  10 scorpions
  42 wights
  2 human simulacra
  32 killer bees
  7 howler monkeys
  A raiju skeleton (Crypt:2)
  An electric eel (Lair:2)
  2 bullfrog zombies
  6 centaur zombies
  5 quasits (Abyss:3)
  9 crimson imps
  7 hounds
  9 jellies
  32 orc priests
  A yaktaur simulacrum (Vaults:1)
  A bullfrog skeleton (D:5)
  42 iron imps
  6 centaur skeletons
  A human skeleton (Tar:7)
  3 iguanas
  43 orc wizards
  8 worker ants
  2 killer bee zombies
  An ogre zombie (Dis:1)
  A big kobold skeleton (Crypt:1)
  An ogre skeleton (Coc:6)
  2 tengu skeletons (Coc:7)
  A demigod skeleton (Crypt:1)
  3 hound skeletons
  40 mummies
  9 gnolls
  11 adders
  A river rat (Lair:2)
  15 shadow imps
  28 white imps
  8 ufetubi
  6 oozes
  A worm zombie (Crypt:3)
  An adder zombie (D:9)
  2 adder skeletons (D:5)
  A worm (D:3)
  A dart slug (D:5)
  6 leopard geckos
  119 orcs
  A ball python (D:5)
  3 giant cockroaches
  7 goblins
  5 hobgoblins
  14 jackals
  3 quokkas
  13 bats
  3 frilled lizards
  A frilled lizard zombie (Crypt:3)
  A goblin skeleton (Crypt:2)
  A hobgoblin zombie (Crypt:1)
  A jackal zombie (D:5)
  18 kobolds
  A kobold zombie (Geh:6)
  A leopard gecko skeleton (D:7)
  An orc skeleton (Coc:2)
  2 orc zombies (Crypt:2)
  A quokka skeleton (D:9)
  4 rats
  2 fire vortices (D:11)
  4 fungi
  3 lurking horrors (Abyss:3)
  A macabre mass (Vaults:2)
  16 plants
  24 starspawn tentacles
  18 tentacles
4701 creatures vanquished.

Vanquished Creatures (collateral kills)
  the Royal Jelly (Slime:5)
  An acid blob (Slime:5)
2 creatures vanquished.

Vanquished Creatures (others)
  A shard shrike (Coc:6)
  An eldritch tentacle (Dis:7)
  A revenant (Tomb:2)
  A frost giant (Vaults:5)
  An elemental wellspring (Coc:7)
  15 dancing weapons
  5 death scarabs (Tomb:2)
  4 hell hogs
  2 anaconda zombies
  A wizard (Vaults:2)
  A starcursed mass (Abyss:3)
  A phantasmal warrior (Geh:7)
  A necromancer (Geh:4)
  A tormentor (Dis:1)
  An ettin zombie (Tomb:2)
  A wolf spider simulacrum (Tomb:3)
  A snapping turtle (Shoals:4)
  10 flying skulls (Tomb:3)
  A wraith (Geh:7)
  A spatial vortex (Abyss:3)
  2 slaves (D:7)
  A boggart (Depths:3)
  4 ogres
  A torturous demonspawn simulacrum (Tomb:3)
  2 small abominations (Abyss:3)
  A quasit (Abyss:3)
  An orc priest (Vaults:5)
  An orc wizard (D:14)
  A worker ant (D:7)
  4 mummies
  A white imp (Coc:7)
  An orc (D:7)
  2 jackals (D:7)
  7 fungi
  3 lurking horrors
  25 plants
  29 starspawn tentacles
  36 tentacles
173 creatures vanquished.

Grand Total: 4876 creatures vanquished

Notes
Turn   | Place    | Note
-------+----------+-------------------------------------------
     0 | D:1      | Tyryt0 the Mummy Fighter began the quest for the Orb.
     0 | D:1      | Reached XP level 1. HP: 18/18 MP: 1/1
    63 | D:1      | Reached XP level 2. HP: 24/24 MP: 2/2
   550 | D:2      | Found a snail-covered altar of Cheibriados.
   591 | D:2      | Found a white marble altar of Elyvilon.
   667 | D:2      | Reached XP level 3. HP: 29/29 MP: 3/3
  1399 | D:3      | Reached XP level 4. HP: 35/35 MP: 4/4
  1582 | D:3      | Noticed a centaur
  1589 | D:3      | Killed a centaur
  1589 | D:3      | Reached XP level 5. HP: 17/41 MP: 5/5
  1758 | D:3      | Found a deep blue altar of Sif Muna.
  1945 | D:3      | Reached XP level 6. HP: 32/48 MP: 6/6
  2542 | D:4      | Found Zyffith's Antique Weapon Boutique.
  2549 | D:4      | Bought a brightly glowing war axe for 178 gold pieces
  2549 | D:4      | Identified the +4 war axe "Beastbane" {freeze, +Fly rPois rN+ Str-4} (You bought it in a shop on level 4 of the Dungeon)
  2901 | D:5      | Entered Level 5 of the Dungeon
  2911 | D:5      | Reached skill level 5 in Axes
  2911 | D:5      | Reached XP level 7. HP: 54/54 MP: 7/7
  3093 | D:5      | Reached skill level 1 in Evocations
  3692 | D:6      | Reached XP level 8. HP: 61/61 MP: 8/8
  3979 | D:6      | Reached skill level 5 in Fighting
  4137 | D:6      | Found a staircase to the Ecumenical Temple.
  4142 | Temple   | Entered the Ecumenical Temple
  4234 | Temple   | Became a worshipper of Gozag Ym Sagoz the Greedy
  4496 | D:6      | Found a glowing silver altar of Zin.
  4608 | D:7      | Noticed Pikel
  4624 | D:7      | Reached XP level 9. HP: 44/68 MP: 10/10
  4625 | D:7      | Found a hazy altar of Hepliaklqana.
  4652 | D:7      | Killed Pikel
  5249 | D:7      | Found a hazy altar of Hepliaklqana.
  5251 | D:7      | Found a stormy altar of Qazlal.
  5422 | D:8      | Noticed Grum
  5432 | D:7      | Reached XP level 10. HP: 7/76 MP: 12/12
  5753 | D:7      | Killed Grum
  6024 | D:8      | Found a staircase to the Lair.
  6258 | D:8      | Noticed Erica
  6277 | D:8      | Killed Erica
  6277 | D:8      | Reached skill level 5 in Armour
  6511 | D:8      | Reached skill level 10 in Axes
  6569 | D:8      | Found Piukly's Jewellery Emporium.
  6577 | D:8      | Bought an uncursed amulet of regeneration for 390 gold pieces
  7280 | D:9      | Got a shimmering flail
  7281 | D:9      | Identified the cursed +1 flail of Waobrun {venom, rElec MR+++ Int-3 Stlth-} (You found it on level 9 of the Dungeon)
  7297 | D:9      | Identified a scroll of acquirement
  8117 | D:10     | Entered Level 10 of the Dungeon
  8407 | D:10     | Noticed a hill giant
  8414 | D:10     | Killed a hill giant
  8414 | D:10     | Reached XP level 11. HP: 39/84 MP: 14/14
  8532 | D:10     | Found a staircase to the Orcish Mines.
  8581 | D:10     | Found a roughly hewn altar of Beogh.
  8644 | D:10     | Noticed a deep elf mage
  8648 | D:10     | Noticed a soul eater
  8656 | D:10     | HP: 4/86 [soul eater[a deep elf mage] (11)]
  8660 | D:10     | Killed a deep elf mage
  8984 | D:10     | Reached skill level 5 in Shields
  9226 | D:11     | Noticed Urug
  9285 | D:10     | Noticed a hill giant
  9294 | D:10     | Killed a hill giant
  9436 | Lair:1   | Entered Level 1 of the Lair of Beasts
  9492 | Lair:1   | Bought a glowing broad axe for 250 gold pieces
  9492 | Lair:1   | Bought a smoking battleaxe for 287 gold pieces
  9500 | Lair:1   | Identified the +10 battleaxe of Outrage {protect, *Noise Int+6} (You bought it in a shop on level 1 of the Lair of Beasts)
  9502 | Lair:1   | Bought a pitted falchion for 200 gold pieces
  9502 | Lair:1   | Identified the +5 falchion of Yredelemnul's Reproof {vamp, rF+ Int+2} (You bought it in a shop on level 1 of the Lair of Beasts)
  9756 | Lair:1   | Got a crystal longbow
  9823 | Lair:1   | Noticed a four-headed hydra
  9830 | Lair:1   | Killed a one-headed hydra
  9858 | Lair:1   | Reached skill level 5 in Evocations
 10261 | Lair:2   | Found a staircase to the Snake Pit.
 10266 | Lair:2   | Reached XP level 12. HP: 90/94 MP: 15/15
 10284 | Lair:2   | Noticed an eight-headed hydra
 10290 | Lair:2   | Killed a five-headed hydra
 11218 | Lair:2   | Noticed a five-headed hydra
 11225 | Lair:2   | Killed a one-headed hydra
 11768 | Lair:3   | Noticed Gastronok
 11783 | Lair:3   | Killed Gastronok
 11794 | Lair:3   | Gained mutation: You are in touch with the powers of death. [Mummy growth]
 11794 | Lair:3   | Reached XP level 13. HP: 103/103 MP: 17/17
 11807 | Lair:3   | Found a frozen archway.
 11811 | IceCv    | Entered an ice cave
 11871 | IceCv    | Reached skill level 10 in Fighting
 12167 | IceCv    | Got a flickering ivory amulet
 12171 | IceCv    | Got a vibrating diamond amulet
 12175 | IceCv    | Identified the amulet "Kacuep" {+Blink +Rage rF+ Int+3} (You found it in an ice cave)
 12177 | IceCv    | Identified the amulet "Lugeibur" {Regen+ Slay+6} (You found it in an ice cave)
 12303 | Lair:3   | Bought the +2 shield of Resistance {rF+ rC+ MR+} for 657 gold pieces
 12333 | Lair:3   | Found a staircase to the Shoals.
 13061 | Lair:4   | Noticed Josephine
 13079 | Lair:4   | Killed Josephine
 14198 | Lair:5   | Found a staircase to the Slime Pits.
 14362 | Lair:5   | Found a white marble altar of Elyvilon.
 14921 | Lair:5   | Reached XP level 14. HP: 101/113 MP: 19/19
 14967 | Lair:6   | Entered Level 6 of the Lair of Beasts
 15284 | Lair:6   | Found a radiant altar of Vehumet.
 15586 | Lair:6   | Reached skill level 15 in Axes
 15932 | Lair:6   | Got a steaming war axe
 15946 | Lair:6   | Identified the +7 war axe of the First Cities {chop, rElec SInv} (You found it on level 6 of the Lair of Beasts)
 16459 | Orc:1    | Entered Level 1 of the Orcish Mines
 16517 | Orc:1    | Found a roughly hewn altar of Beogh.
 16678 | Orc:1    | Found a flagged portal.
 16694 | Bailey   | Entered a bailey
 17425 | Bailey   | Got a warped rapier
 17736 | Orc:1    | Identified the cursed +0 rapier of Inconvenience {pierce, *Slow rF+++ MP+9 Dex+3} (You found it in a bailey)
 18117 | Orc:1    | You fall through a shaft!
 18117 | Orc:2    | Entered Level 2 of the Orcish Mines
 18118 | Orc:2    | Found a staircase to the Elven Halls.
 18650 | Orc:2    | Found Ciusun's Distillery.
 18650 | Orc:2    | Found Igharchi's General Store.
 18651 | Orc:2    | Found Fixkuf's Jewellery Boutique.
 18654 | Orc:2    | Found Izxaclat's Antique Weapon Shop.
 18682 | Orc:2    | Bought a scroll of acquirement for 780 gold pieces
 18967 | Orc:2    | Found Zeni's Assorted Antiques.
 18976 | Orc:2    | Bought a pair of ichor-stained boots for 275 gold pieces
 18976 | Orc:2    | Bought a scroll of enchant weapon for 217 gold pieces
 18986 | Orc:2    | Identified the +2 pair of boots of the Last Moons {MR+ Dex+4} (You bought it in a shop on level 2 of the Orcish Mines)
 19098 | D:11     | Noticed Psyche
 19100 | D:11     | Killed Psyche
 19127 | D:11     | Killed Urug
 19624 | D:12     | Found Nufe Uwa's Distillery.
 19654 | D:12     | Reached XP level 15. HP: 121/121 MP: 21/21
 19863 | D:12     | Noticed Fannar
 19879 | D:12     | Killed Fannar
 21021 | D:14     | Noticed Snorg
 21035 | D:14     | Killed Snorg
 21361 | D:14     | Found Deocwekh's Antique Armour Boutique.
 21372 | D:14     | Bought a runed helmet for 325 gold pieces
 21531 | D:14     | Found a gate to the Vaults.
 21656 | D:14     | Found Vut Qejo's Food Shoppe.
 21890 | D:14     | Found Uricerphi's General Store.
 21988 | D:14     | Found a shimmering altar of Xom.
 22078 | D:15     | Entered Level 15 of the Dungeon
 22109 | D:15     | Found a staircase to the Depths.
 22601 | D:15     | Found a portal to a secret trove of treasure.
 22644 | D:15     | Found an opulent altar of Gozag.
 23230 | Snake:1  | Entered Level 1 of the Snake Pit
 23478 | Snake:1  | Found Simumug's Assorted Antiques.
 23636 | Snake:1  | Found an ancient bone altar of Kikubaaqudgha.
 23876 | Snake:1  | Reached XP level 16. HP: 131/131 MP: 22/22
 26713 | Snake:4  | Entered Level 4 of the Snake Pit
 27274 | Snake:4  | Reached skill level 1 in Dodging
 27666 | Snake:4  | Reached XP level 17. HP: 121/140 MP: 24/24
 28284 | Snake:4  | Reached skill level 15 in Fighting
 28329 | Snake:4  | Reached skill level 10 in Evocations
 28563 | Snake:4  | Got a serpentine rune of Zot
 29040 | Shoals:1 | Entered Level 1 of the Shoals
 29128 | Shoals:1 | Found Reik's Gadget Shoppe.
 29138 | Shoals:1 | Bought a +4 iron rod (14/14) for 1656 gold pieces
 29800 | Shoals:1 | Got a twisted whip
 30023 | Shoals:2 | Noticed Louise
 30041 | Shoals:2 | Killed Louise
 30046 | Shoals:2 | Got an iridescent arbalest
 31232 | Shoals:4 | Entered Level 4 of the Shoals
 31248 | Shoals:4 | Noticed a kraken
 31275 | Shoals:3 | Reached XP level 18. HP: 80/151 MP: 25/25
 31652 | Shoals:3 | Got a steaming battleaxe {freeze}
 31827 | Shoals:4 | Noticed Ilsuiw
 31887 | Shoals:4 | Killed Ilsuiw
 32530 | Shoals:4 | Identified the +6 whip of Woucrein {distort, rPois rN++ MP+9 Int-3} (You found it on level 1 of the Shoals)
 32531 | Shoals:4 | Identified the +7 arbalest of the Dwarven Hall {penet, rPois MR+++ Str-5 Stlth+} (You found it on level 2 of the Shoals)
 32533 | Shoals:4 | Identified the cursed +3 battleaxe of Causality {freeze, Dex+3} (You took it off a merfolk on level 3 of the Shoals)
 32902 | Shoals:4 | Found Nyfium's Antique Weapon Boutique.
 33374 | Shoals:4 | Reached skill level 10 in Shields
 33834 | Shoals:4 | Reached skill level 10 in Armour
 33857 | Shoals:4 | Got a barnacled rune of Zot
 34859 | Elf:1    | Entered Level 1 of the Elven Halls
 35149 | Elf:1    | Found Guihacvy's General Store.
 35827 | Elf:2    | Found a huge runed gate.
 35827 | Elf:2    | Found a huge runed gate.
 35827 | Elf:2    | Found a huge runed gate.
 35827 | Elf:2    | Found a huge runed gate.
 35829 | Elf:2    | Found a huge runed gate.
 35971 | Elf:2    | Found a deep blue altar of Sif Muna.
 36240 | Elf:3    | Entered Level 3 of the Elven Halls
 36277 | Elf:3    | Found Narokloa's Antique Armour Emporium.
 36292 | Elf:3    | Reached XP level 19. HP: 137/159 MP: 27/27
 36313 | Elf:3    | Found Lyegec's Armour Emporium.
 36377 | Elf:3    | Bought the +10 ring mail "Wewiz" {Int+3 Dex+2} for 1072 gold pieces
 36528 | Elf:3    | Found Lineh's Assorted Antiques.
 36546 | Elf:3    | Bought a scroll of enchant armour for 217 gold pieces
 36701 | Elf:3    | Found Saob's Antique Weapon Shoppe.
 36727 | Elf:3    | Noticed hullu's ghost (adept MiBe)
 37719 | Elf:3    | Noticed a Brimstone Fiend
 37727 | Elf:3    | Noticed a Brimstone Fiend
 37735 | Elf:3    | Noticed a Tzitzimitl
 38046 | Elf:3    | Killed hullu's ghost
 38265 | Elf:3    | Got a pitted short sword {freeze}
 38360 | Elf:3    | Got a brightly glowing steel ring
 38644 | Elf:3    | Got an ivory dagger
 38645 | Elf:3    | Identified Weotyot's Catalogue of Torrid Shape Shifting
 38711 | Elf:3    | Identified a +2 rod of ignition (14/14) (You took it off a deep elf demonologist on level 3 of the Elven Halls)
 38721 | Elf:3    | Identified the ring "Qunoxt" {*Tele rN++} (You took it off a deep elf blademaster on level 3 of the Elven Halls)
 39051 | D:15     | Identified the cursed +0 dagger of Imbalance {pierce, Fragile rN+ Str+7} (You found it on level 3 of the Elven Halls)
 39052 | D:15     | Identified the cursed +0 short sword of Okawaru's Favour {freeze, *Contam rF+ Int+4} (You took it off a deep elf death mage on level 3 of the Elven Halls)
 39147 | Vaults:1 | Entered Level 1 of the Vaults
 39222 | Vaults:1 | Found Pirogriuc's Gadget Shop.
 40177 | Vaults:1 | Reached XP level 20. HP: 165/170 MP: 28/28
 40770 | Vaults:1 | You fall through a shaft!
 42010 | Vaults:2 | Noticed a bone dragon
 42020 | Vaults:2 | Killed a bone dragon
 42176 | Vaults:2 | Identified the Catalogue of Dark Rituals
 42274 | Vaults:2 | Identified the Collected Works on the Oath
 42484 | Vaults:2 | Found a staircase to the Crypt.
 42484 | Vaults:2 | Found an ancient bone altar of Kikubaaqudgha.
 42490 | Vaults:2 | Found a basalt altar of Yredelemnul.
 43080 | Vaults:2 | Identified Sif Muna's Disquisition on Companions
 43381 | Vaults:3 | Noticed Mara
 43387 | Vaults:3 | Noticed Tyryt0's illusion
 43619 | Vaults:3 | Noticed Tyryt0's illusion
 43763 | Vaults:3 | Noticed Tyryt0's illusion
 43792 | Vaults:3 | Killed Mara
 43792 | Vaults:3 | Reached XP level 21. HP: 89/180 MP: 30/30
 44966 | Vaults:3 | Got an iridescent arbalest
 45793 | Vaults:4 | Got a distressingly furry helmet
 45874 | Vaults:4 | Identified the +3 helmet of Parchues {+Fly rC- Int+3 Dex+4} (You found it on level 4 of the Vaults)
 45875 | Vaults:4 | Identified the +8 arbalest "Worm" {freeze, SInv} (You found it on level 3 of the Vaults)
 46089 | Vaults:4 | Reached skill level 5 in Dodging
 46766 | Vaults:5 | Entered Level 5 of the Vaults
 46907 | Vaults:4 | Reached XP level 22. HP: 174/190 MP: 31/31
 47122 | Vaults:5 | Noticed a golden dragon
 47128 | Vaults:5 | Noticed an ancient lich
 47302 | Vaults:5 | Noticed an ancient lich
 47324 | Vaults:4 | Killed a golden dragon
 47327 | Vaults:4 | Killed an ancient lich
 47333 | Vaults:4 | Killed an ancient lich
 48189 | Vaults:5 | Noticed an ancient lich
 48253 | Vaults:4 | Killed an ancient lich
 48403 | Vaults:5 | Noticed a golden dragon
 48410 | Vaults:5 | Killed a golden dragon
 48478 | Vaults:5 | Reached XP level 23. HP: 134/199 MP: 33/33
 49311 | Vaults:5 | Identified the +3 scale mail "Cedwiog" {+Inv rN+ Stlth-} (You took it off an orc warrior on level 5 of the Vaults)
 49511 | Vaults:5 | Got a silver rune of Zot
 49687 | Vaults:5 | Got a polished cloak
 49698 | Vaults:5 | Identified the +2 cloak of Mezcal {rElec Int+2 Dex+7 Stlth-} (You found it on level 5 of the Vaults)
 49756 | Vaults:5 | Identified the Grimoire of Bewitching Flight
 50906 | Crypt:1  | Entered Level 1 of the Crypt
 51456 | Crypt:1  | Noticed Margery
 51512 | Crypt:1  | Killed Margery
 52236 | Crypt:2  | Got an encrusted flail
 52751 | Crypt:2  | Noticed Donald
 52758 | Crypt:2  | Killed Donald
 52777 | Crypt:2  | Identified the +3 flail of Uhinusir {drain, Int+5} (You found it on level 2 of the Crypt)
 52832 | Crypt:2  | Noticed Jory
 52841 | Crypt:2  | Killed Jory
 53052 | Crypt:2  | Reached XP level 24. HP: 210/210 MP: 33/33
 53274 | Crypt:2  | Noticed Bai Suzhen
 53290 | Crypt:2  | Killed Bai Suzhen
 53377 | Crypt:3  | Entered Level 3 of the Crypt
 54118 | Crypt:3  | Got a shimmering scythe {flame}
 54322 | Crypt:3  | Found a basalt altar of Yredelemnul.
 55122 | Crypt:3  | Found a staircase to the Tomb.
 55474 | D:15     | Identified the +5 scythe of Forgiveness {flame, *Contam rPois rF+} (You took it off a vampire knight on level 3 of the Crypt)
 55757 | Tomb:1   | Entered Level 1 of the Tomb of the Ancients
 55892 | Tomb:1   | Noticed a greater mummy
 56031 | Tomb:1   | Killed a greater mummy
 56349 | Tomb:1   | Reached XP level 25. HP: 187/219 MP: 34/34
 57120 | Tomb:1   | Noticed a greater mummy
 57134 | Tomb:1   | Killed a greater mummy
 57451 | Tomb:2   | Noticed a greater mummy
 57453 | Tomb:2   | Noticed an ancient lich
 57454 | Tomb:2   | Noticed a greater mummy
 57454 | Tomb:2   | Noticed a greater mummy
 57477 | Tomb:1   | Killed an ancient lich
 57689 | Tomb:1   | Killed a greater mummy
 57898 | Tomb:1   | Killed a greater mummy
 57903 | Tomb:1   | Killed a greater mummy
 58496 | Tomb:2   | Reached skill level 15 in Evocations
 58545 | Tomb:1   | Noticed a greater mummy
 58555 | Tomb:1   | Killed a greater mummy
 58571 | Tomb:1   | Noticed a greater mummy
 58579 | Tomb:1   | Noticed a greater mummy
 58589 | Tomb:1   | Killed a greater mummy
 58597 | Tomb:1   | Killed a greater mummy
 58682 | Tomb:1   | Noticed a greater mummy
 58682 | Tomb:1   | Noticed a greater mummy
 58695 | Tomb:1   | Killed a greater mummy
 58700 | Tomb:1   | Killed a greater mummy
 58726 | Tomb:1   | Noticed a greater mummy
 58895 | Tomb:1   | Killed a greater mummy
 58960 | Tomb:1   | Noticed a greater mummy
 59005 | Tomb:1   | Killed a greater mummy
 59052 | Tomb:1   | Noticed a greater mummy
 59064 | Tomb:1   | Killed a greater mummy
 59130 | Tomb:1   | Noticed a greater mummy
 59134 | Tomb:1   | Noticed a greater mummy
 59141 | Tomb:1   | Killed a greater mummy
 59141 | Tomb:1   | Reached skill level 15 in Shields
 59149 | Tomb:1   | Killed a greater mummy
 59232 | Tomb:2   | Got a smoking ivory ring
 59285 | Tomb:2   | Got a vibrating marble ring
 59357 | Tomb:3   | Entered Level 3 of the Tomb of the Ancients
 59383 | Tomb:3   | Noticed a greater mummy
 59580 | Tomb:3   | Noticed a greater mummy
 59580 | Tomb:3   | Noticed a greater mummy
 59701 | Tomb:3   | Noticed a greater mummy
 59702 | Tomb:3   | Killed a greater mummy
 59823 | Tomb:3   | Killed a greater mummy
 59823 | Tomb:3   | Gained mutation: You are strongly in touch with the powers of death. [Mummy growth]
 59823 | Tomb:3   | Reached XP level 26. HP: 167/230 MP: 34/34
 59942 | Tomb:3   | Killed a greater mummy
 59943 | Tomb:3   | Killed a greater mummy
 60196 | Tomb:3   | Noticed a greater mummy
 60209 | Tomb:3   | Noticed a greater mummy
 60220 | Tomb:3   | Killed a greater mummy
 60227 | Tomb:3   | Killed a greater mummy
 60270 | Tomb:3   | Noticed a greater mummy
 60304 | Tomb:2   | Killed a greater mummy
 60428 | Tomb:3   | Noticed a greater mummy
 60447 | Tomb:3   | Killed a greater mummy
 60566 | Tomb:3   | Noticed a greater mummy
 60586 | Tomb:3   | Killed a greater mummy
 60679 | Tomb:3   | Got a golden rune of Zot
 60885 | Tomb:3   | Got a heavily runed bronze ring
 60891 | Tomb:3   | Got an encrusted arbalest
 60896 | Tomb:3   | Identified the Compendium of the Mutagenic Rocks
 60928 | Tomb:3   | Identified the +2 ring mail of the Hare {-Tele +Fly rN+ rCorr} (You found it on level 3 of the Tomb of the Ancients)
 61146 | Tomb:3   | Identified the +1 ring mail of Mumblety Peg {*Contam Int+6 SInv} (You found it on level 3 of the Tomb of the Ancients)
 61842 | D:15     | Identified the ring of Beogh's Generosity {rF- rC- AC+2 Dex+9 Slay+3} (You took it off a guardian mummy on level 2 of the Tomb of the Ancients)
 61844 | D:15     | Identified the ring of Buaptuts {rPois Str+2 Stlth+} (You took it off a guardian mummy on level 2 of the Tomb of the Ancients)
 61846 | D:15     | Identified the ring of Eloloir {Dex+6 SInv} (You found it on level 3 of the Tomb of the Ancients)
 62223 | Slime:1  | Entered Level 1 of the Pits of Slime
 62818 | Slime:5  | Entered Level 5 of the Pits of Slime
 63159 | Slime:5  | Noticed the Royal Jelly
 63677 | Slime:5  | Found a viscous altar of Jiyva.
 63748 | Slime:5  | Killed the Royal Jelly
 63748 | Slime:5  | Reached XP level 27. HP: 199/240 MP: 34/34
 63876 | Slime:5  | Got a slimy rune of Zot
 63924 | Slime:5  | Got a translucent ruby amulet
 63951 | Slime:5  | Identified the cursed +1 plate armour of Gluttony {Str+4 Stlth+} (You found it on level 5 of the Pits of Slime)
 63953 | Slime:5  | Identified the +6 ring mail of the Thoughtful Ghosts {Int+4} (You found it on level 5 of the Pits of Slime)
 63954 | Slime:5  | Identified the amulet of the Median {Gourm rElec rC++ Int-3 Dex-5} (You found it on level 5 of the Pits of Slime)
 66529 | D:15     | You paid a toll of a +8 demon trident to enter a treasure trove
 66530 | Trove    | Entered a treasure trove
 66700 | Depths:1 | Entered Level 1 of the Depths
 66886 | Depths:1 | Found Huwnovvi's Elemental Accessories.
 66945 | Depths:1 | Found a gateway to Hell.
 67194 | Depths:1 | Found a gateway to a ziggurat.
 67439 | Depths:1 | Found Ishaug's Jewellery Boutique.
 67442 | Depths:1 | Bought an uncursed amulet of the gourmand for 630 gold pieces
 67442 | Depths:1 | Bought a cursed ring of loudness for 94 gold pieces
 67442 | Depths:1 | Bought an uncursed amulet of harm for 630 gold pieces
 67603 | Depths:2 | Found Valajozi's Book Boutique.
 67604 | Depths:2 | Found Dies's Antique Armour Shop.
 67604 | Depths:2 | Found Afaunwoq's Antique Weapon Boutique.
 67622 | Depths:2 | Found Diuci's Gadget Shop.
 67759 | Depths:2 | Found a one-way gate to the infinite horrors of the Abyss.
 68004 | Depths:2 | Got a faintly glowing shortbow
 68241 | Depths:2 | Found a one-way gate leading to the halls of Pandemonium.
 69474 | Depths:3 | Got a warped lead ring
 69842 | Depths:4 | Found a flickering gateway to a bazaar.
 69842 | Depths:4 | Noticed Mennas
 69849 | Bazaar   | Entered a bazaar
 69854 | Bazaar   | Found Cippuugo's Book Shop.
 69868 | Bazaar   | Found Muti's Gadget Shop.
 69918 | Bazaar   | Bought a +0 rod of ignition (11/11) for 1200 gold pieces
 69918 | Bazaar   | Bought a box of beasts for 300 gold pieces
 69918 | Bazaar   | Bought a sack of spiders for 300 gold pieces
 69918 | Bazaar   | Bought a sack of spiders for 300 gold pieces
 69918 | Bazaar   | Bought a sack of spiders for 300 gold pieces
 69918 | Bazaar   | Bought a box of beasts for 300 gold pieces
 69918 | Bazaar   | Bought a box of beasts for 300 gold pieces
 69932 | Bazaar   | Bought a manual of Earth Magic for 1876 gold pieces
 69932 | Bazaar   | Bought a book of Geomancy for 595 gold pieces
 69932 | Bazaar   | Bought a book of Beasts for 935 gold pieces
 69932 | Bazaar   | Bought a book of Enchantments for 850 gold pieces
 69943 | Bazaar   | Identified the cursed ring of Kindness {rPois MR+ Str-4 Int-5} (You took it off a vampire knight on level 3 of the Depths)
 70518 | Depths:4 | Reached skill level 10 in Dodging
 70533 | Depths:4 | Killed Mennas
 70575 | Depths:4 | Found Mobboenn's Antique Armour Boutique.
 70607 | Depths:4 | Found Imurho's General Store.
 70632 | Depths:4 | Noticed Xtahua
 70647 | Depths:4 | Killed Xtahua
 70701 | Depths:4 | Bought a sack of spiders for 320 gold pieces
 70943 | Depths:4 | Found Wasu Roh's Food Shoppe.
 71352 | Depths:5 | Entered Level 5 of the Depths
 71613 | Depths:5 | Found a gate to the Realm of Zot.
 73632 | Tomb:3   | Identified the cursed +1 long sword of the Little People {vamp, MR+ MP+9 SInv} (You found it on level 3 of the Tomb of the Ancients)
 73638 | Tomb:3   | Identified the +11 rapier of Symmetry {holy, rElec rPois Int-3 Dex+3} (You found it on level 3 of the Tomb of the Ancients)
 73643 | Tomb:3   | Identified the +6 quarterstaff of Distraction {freeze, rF+ rC+ rN+ MR-} (You found it on level 3 of the Tomb of the Ancients)
 74401 | D:15     | Bought a bloodstained ring mail for 432 gold pieces
 74401 | D:15     | Bought a pair of polished boots for 456 gold pieces
 74401 | D:15     | Identified the +1 ring mail of the Sacrificial Victim {Str+3} (You bought it in a shop on level 15 of the Dungeon)
 74402 | D:15     | Identified the +0 pair of boots of the Saviour {+Fly rC+ rN+ Int+4 Slay+3} (You bought it in a shop on level 15 of the Dungeon)
 74580 | Hell     | Entered the Vestibule of Hell
 74580 | Hell     | Noticed Geryon
 74812 | Hell     | Killed Geryon
 74901 | Hell     | Noticed Murray
 75186 | Hell     | Killed Murray
 75423 | Hell     | Found a gateway to the ashen valley of Gehenna.
 75492 | Hell     | Found a gateway to the decaying netherworld of Tartarus.
 75559 | Hell     | Found a gateway to the freezing wastes of Cocytus.
 75670 | Hell     | Found a gateway to the Iron City of Dis.
 75705 | Dis:1    | Entered Level 1 of the Iron City of Dis
 77920 | Dis:6    | Reached skill level 27 in Fighting
 78037 | Dis:7    | Entered Level 7 of the Iron City of Dis
 79675 | Dis:7    | Got an ichor-stained battleaxe
 80005 | Dis:7    | Identified the +3 battleaxe "Pahownof" {antimagic, rN+++ Str-5 Dex+3 Stlth+} (You found it on level 7 of the Iron City of Dis)
 80154 | Dis:7    | Noticed Dispater
 80192 | Dis:7    | Killed Dispater
 80225 | Dis:7    | Got an iron rune of Zot
 80231 | Dis:7    | Identified the Grimoire of the Blaze
 80684 | Depths:5 | Voluntarily entered the Abyss.
 81200 | Abyss:1  | Paralysed by you for 6 turns
 82132 | Abyss:1  | Found a corrupted altar of Lugonu.
 82385 | Abyss:1  | Got a transparent demon whip
 82686 | Abyss:1  | Found a corrupted altar of Lugonu.
 83082 | Abyss:3  | Found a corrupted altar of Lugonu.
 83181 | Abyss:3  | Reached skill level 27 in Axes
 83844 | Abyss:3  | Found a glowing golden altar of the Shining One.
 83865 | Abyss:3  | Noticed a juggernaut
 83873 | Abyss:3  | Killed a juggernaut
 83899 | Abyss:3  | Got an abyssal rune of Zot
 83922 | Abyss:3  | Found a shattered altar of Ashenzari.
 83926 | Abyss:3  | Found a shattered altar of Ashenzari.
 84038 | Abyss:3  | Found a shattered altar of Ashenzari.
 84143 | Abyss:3  | Found a shattered altar of Ashenzari.
 84688 | Abyss:3  | Noticed an ancient lich
 84694 | Abyss:3  | Killed an ancient lich
 84775 | Abyss:3  | Got a dazzling mace
 84958 | Abyss:3  | Paralysed by accursed screaming for 1 turns
 85065 | Depths:5 | Escaped the Abyss
 85206 | D:15     | Identified the +5 demon whip "Bidef" {pain, *Contam rC+++ Str+3 Stlth+} (You found it on level 1 of the Abyss)
 85207 | D:15     | Identified the cursed +0 mace of the Gloaming {crush, *Drain rElec rC++ Int+4} (You found it on level 3 of the Abyss)
 85288 | D:15     | Bought a steaming plate armour for 1260 gold pieces
 85288 | D:15     | Identified the cursed +0 plate armour of Pantheism {*Contam rN+ rCorr Int+5} (You bought it in a shop on level 15 of the Dungeon)
 85456 | Tar:1    | Entered Level 1 of Tartarus
 86171 | Tar:7    | Entered Level 7 of Tartarus
 86383 | Tar:7    | Reached skill level 15 in Dodging
 87152 | Tar:7    | Noticed the Serpent of Hell
 87184 | Tar:7    | Killed the Serpent of Hell
 87637 | Tar:7    | Got an ancient war axe
 87641 | Tar:7    | Identified the cursed +2 war axe of Somewhere Else {vamp, Dex+3} (You found it on level 7 of Tartarus)
 87876 | Tar:7    | Identified the Compendium of Ghastly Poison
 88271 | Tar:7    | Noticed Ereshkigal
 88288 | Tar:7    | Killed Ereshkigal
 88302 | Tar:7    | Got a fine flail
 88310 | Tar:7    | Got a bone rune of Zot
 88599 | D:15     | Identified the cursed +0 flail of the Ageless Planets {flame, SInv} (You found it on level 7 of Tartarus)
 88816 | Coc:1    | Entered Level 1 of Cocytus
 90058 | Coc:7    | Entered Level 7 of Cocytus
 91074 | Coc:7    | Noticed Antaeus
 91105 | Coc:7    | Killed Antaeus
 91332 | Coc:7    | Got an icy rune of Zot
 91335 | Coc:7    | Identified the Tome of the Magpie
 91348 | Coc:7    | Identified the +2 plate armour of the Merchant {Regen+} (You found it on level 7 of Cocytus)
 91968 | D:15     | Bought an uncursed ring of protection from fire for 300 gold pieces
 92094 | Geh:1    | Entered Level 1 of Gehenna
 92106 | Geh:1    | Found an ancient bone altar of Kikubaaqudgha.
 92107 | Geh:1    | You fall through a shaft!
 92684 | Geh:7    | Entered Level 7 of Gehenna
 93911 | Geh:7    | Got a flickering copper ring
 93914 | Geh:7    | Got a scorched ring mail
 94136 | Geh:7    | Noticed Asmodeus
 94153 | Geh:7    | HP: 11/249 [Brimstone Fiend/damnation[the effects of Hell] (33)]
 94168 | Geh:7    | Killed from afar by a Brimstone Fiend

Skill      XL: |  1  2  3  4  5  6  7  8  9 10 11 12 13 14 15 16 17 18 19 20 21 22 23 24 25 26 27 |
---------------+----------------------------------------------------------------------------------+-----
Axes           | 2 3 4 5 6 7 9 10 12 13 14 15 16 17 18 19 20 21 22 23 27 | 27.0
Armour         | 3 4 5 6 7 8 9 10 11 13 | 13.1
Shields        | 3 4 5 6 7 8 9 10 11 12 13 14 15 16 25 | 25.0
Fighting       | 4 5 6 7 8 9 11 12 13 14 15 16 18 19 20 21 22 23 24 27 | 27.0
Evocations     | 1 2 3 4 5 6 8 9 10 11 12 13 14 15 20 | 20.8
Dodging        | 1 2 3 4 5 6 7 8 17 | 17.7

Action                   |  1- 3 |  4- 6 |  7- 9 | 10-12 | 13-15 | 16-18 | 19-21 | 22-24 | 25-27 || total
-------------------------+-------+-------+-------+-------+-------+-------+-------+-------+-------++-------
Melee: War axe           |   108 |   137 |   238 |   283 |   747 |  1545 |  1550 |  1471 |   287 ||  6366
       Broad axe         |       |       |       |   263 |   416 |       |       |       |  5631 ||  6310
       Flail             |       |       |       |     6 |       |       |       |       |       ||     6
Invok: Potion Petition   |       |       |       |     1 |     3 |       |     4 |     9 |    17 ||    34
       Call Merchant     |       |       |       |     1 |     1 |       |       |       |     8 ||    10
 Abil: Evoke Flight      |       |       |       |       |     1 |       |       |       |    17 ||    18
Evoke: Wand              |       |       |       |     1 |     8 |       |       |     1 |       ||    10
       Rod               |       |       |       |       |       |     5 |       |     8 |    22 ||    35
       Disc of storms    |       |       |       |       |       |       |       |       |     1 ||     1
       Phantom mirror    |       |       |       |       |       |       |       |       |     1 ||     1
  Use: Scroll            |       |       |       |    20 |     8 |    11 |     6 |     8 |    56 ||   109
 Stab: Distracted        |       |       |       |     5 |    12 |    18 |    13 |    11 |   106 ||   165
       Invisible         |       |       |       |     3 |       |       |       |       |     3 ||     6
       Sleeping          |       |       |       |       |       |       |     1 |       |     1 ||     2
Armor: Scale mail        |    59 |    39 |       |       |       |       |       |       |       ||    98
       Chain mail        |       |    26 |    28 |       |       |       |       |       |       ||    54
       Plate armour      |       |       |   142 |   396 |   575 |   765 |     1 |       |       ||  1879
       Ring mail         |       |       |       |       |       |       |   359 |   313 |   970 ||  1642
Dodge: Dodged            |    42 |    37 |    18 |    88 |   148 |   238 |   474 |   702 |  3044 ||  4791
Block: Shield            |    63 |    60 |   119 |   264 |   678 |   986 |   806 |  1011 |  4450 ||  8437
